NYP
STATE COLLEGE SPIKES @ LOS ANGELES (NYP) DODGERS
07/16/2044
 
TOP OF THE 1ST
State College Spikes batting - Pitching for Los Angeles (NYP) Dodgers : LHP Justin Pirie
Pitching: LHP Justin Pirie
Batting: RHB Mark Cahill 0-0: Called Strike
0-1: Called Strike
0-2: Ball
1-2: Fly out, F3 (Popup, 23F, EV 86.9 MPH)
Batting: LHB Ichiro Toyota 0-0: Ball
1-0: Called Strike
1-1: Called Strike
1-2: Ball
2-2: Ball
3-2: Base on Balls
Batting: LHB Shigeru Ono 0-0: Ball
Passed Ball!
Ichiro Toyota to second
1-0: Foul Ball, location: 2F
1-1: 2-RUN HOME RUN (Flyball, 9D, EV 97.5 MPH), Distance : 384 ft
Batting: RHB Mark Marks 0-0: Foul Ball, location: 2F
0-1: Ball
1-1: Ball
2-1: Foul Ball, location: 2F
2-2: Ball
3-2: Base on Balls
Batting: RHB Francisco Vargas 0-0: Called Strike
0-1: Called Strike
0-2: Ball
1-2: Ball
Passed Ball!
Mark Marks to second
2-2: Foul Ball, location: 2F
2-2: Ball
3-2: Base on Balls
Batting: RHB Mike Zimmerly 0-0: Ball
1-0: Ball
2-0: Ball
3-0: Base on Balls
Mark Marks to third
Francisco Vargas to second
Batting: RHB Immel Kamuzu 0-0: Ball
Wild Pitch!
Mark Marks scores
Francisco Vargas to third
Mike Zimmerly to second
1-0: Ball
2-0: Ball
3-0: Base on Balls
Batting: LHB Adam Eisen 0-0: Ball
1-0: Foul Ball, location: 2F
1-1: Foul Ball, location: 2F
1-2: SINGLE (Groundball, 25, EV 73.1 MPH) (infield hit)
Francisco Vargas scores
Mike Zimmerly to third
Immel Kamuzu to second
Batting: RHB Francisco de la Cruz 0-0: Ball
Passed Ball!
Mike Zimmerly scores
Immel Kamuzu to third
Adam Eisen to second
1-0: Called Strike
1-1: Swinging Strike
1-2: Strikes out swinging
Batting: RHB Mark Cahill 0-0: Foul Ball, location: 2F
0-1: Ball
1-1: Called Strike
1-2: Ball
2-2: Ball
3-2: Fly out, F9 (Flyball, 9, EV 86.9 MPH)
Top of the 1st over - 5 runs, 2 hits, 0 errors, 2 left on base; State College 5 - Los Angeles (NYP) 0
BOTTOM OF THE 1ST
Los Angeles (NYP) Dodgers batting - Pitching for State College Spikes : RHP Kohsuke Naito
Pitching: RHP Kohsuke Naito
Batting: RHB Mario Mejia 0-0: Called Strike
0-1: Ground out 5-3 (Groundball, 15, EV 79.4 MPH)
Batting: SHB John Gernaat 0-0: Ground out 5-3 (Groundball, 5, EV 103.8 MPH)
Batting: LHB Kippy McGrath 0-0: Ball
1-0: Ball
2-0: Called Strike
2-1: Foul Ball, location: 2F
2-2: SINGLE (Groundball, 34S, EV 65.0 MPH) (infield hit)
Batting: RHB Eddie Perry 0-0: Ball
1-0: Called Strike
1-1: Ball
2-1: SINGLE (Flyball, 4MD, EV 87.5 MPH)
Kippy McGrath to second
Batting: SHB Chris Ackerson 0-0: SINGLE (Groundball, 25, EV 65.6 MPH) (infield hit)
Kippy McGrath to third
Eddie Perry to second
Batting: RHB Jonathan Kirsch 0-0: Called Strike
0-1: Swinging Strike
0-2: Strikes out swinging
Bottom of the 1st over - 0 runs, 3 hits, 0 errors, 3 left on base; State College 5 - Los Angeles (NYP) 0
TOP OF THE 2ND
State College Spikes batting - Pitching for Los Angeles (NYP) Dodgers : LHP Justin Pirie
Batting: LHB Ichiro Toyota 0-0: Ball
1-0: Ball
2-0: Called Strike
2-1: Ball
3-1: Base on Balls
Batting: LHB Shigeru Ono 0-0: Fly out, F9 (Flyball, 9, EV 90.6 MPH)
Batting: RHB Mark Marks 0-0: Called Strike
0-1: Called Strike
Ichiro Toyota steals 2nd base (no throw)
0-2: Ball
Passed Ball!
Ichiro Toyota to third
1-2: Fly out, F8 (Flyball, 8RM, EV 93.8 MPH)
Runner from 3rd tags up, OUT at HOME! 8-2
Top of the 2nd over - 0 runs, 0 hits, 0 errors, 0 left on base; State College 5 - Los Angeles (NYP) 0
BOTTOM OF THE 2ND
Los Angeles (NYP) Dodgers batting - Pitching for State College Spikes : RHP Kohsuke Naito
Batting: RHB Dustin Huschka 0-0: DOUBLE (Line Drive, 89D, EV 103.8 MPH)
Batting: RHB Pat Mage 0-0: Ground out U3 (Groundball, 34, EV 82.5 MPH)
Dustin Huschka to third
Batting: RHB Neal Jukic 0-0: Called Strike
0-1: Ground out 4-3 (Groundball, 34, EV 88.8 MPH)
Dustin Huschka scores
Batting: RHB Mario Mejia 0-0: Called Strike
0-1: Ball
1-1: Fly out, F9 (Flyball, 89S, EV 83.8 MPH)
Bottom of the 2nd over - 1 run, 1 hit, 0 errors, 0 left on base; State College 5 - Los Angeles (NYP) 1
TOP OF THE 3RD
State College Spikes batting - Pitching for Los Angeles (NYP) Dodgers : LHP Justin Pirie
Batting: RHB Francisco Vargas 0-0: Called Strike
0-1: Ball
1-1: Ball
2-1: SINGLE (Groundball, 6M, EV 101.9 MPH) (infield hit)
Batting: RHB Mike Zimmerly 0-0: Called Strike
0-1: Called Strike
0-2: SINGLE (Groundball, 25, EV 68.8 MPH) (infield hit)
Francisco Vargas to second
Batting: RHB Immel Kamuzu 0-0: Foul Ball, location: 2F
0-1: Ball
Passed Ball!
Francisco Vargas to third
Mike Zimmerly to second
1-1: Ball
2-1: Called Strike
2-2: Strikes out swinging
Batting: LHB Adam Eisen 0-0: Ball
Passed Ball!
Francisco Vargas scores
Mike Zimmerly to third
1-0: Foul Ball, location: 2F
1-1: Foul Ball, location: 2F
1-2: Ball
2-2: Ground out 5-3 (Groundball, 5, EV 96.3 MPH)
Batting: RHB Francisco de la Cruz 0-0: Ball
Wild Pitch!
Mike Zimmerly scores
1-0: Ball
2-0: SOLO HOME RUN (Flyball, 7D, EV 98.1 MPH), Distance : 377 ft
Pitching: RHP Craig Fallon
Batting: RHB Mark Cahill 0-0: Foul Ball, location: 2F
0-1: Ball
1-1: Ball
2-1: Called Strike
2-2: Foul Ball, location: 2F
2-2: Foul Ball, location: 2F
2-2: Ball
3-2: Base on Balls
Batting: LHB Ichiro Toyota 0-0: Called Strike
Mark Cahill steals 2nd, throwing error, E2
Mark Cahill to third
0-1: Swinging Strike
0-2: Strikes out looking
Top of the 3rd over - 3 runs, 3 hits, 1 error, 1 left on base; State College 8 - Los Angeles (NYP) 1
BOTTOM OF THE 3RD
Los Angeles (NYP) Dodgers batting - Pitching for State College Spikes : RHP Kohsuke Naito
Batting: SHB John Gernaat 0-0: Ball
1-0: SINGLE (Line Drive, 89S, EV 96.9 MPH)
Batting: LHB Kippy McGrath 0-0: Ball
1-0: Ball
2-0: Called Strike
2-1: Fielders Choice at 2nd, 3-6 (Groundball, 3S, EV 85.6 MPH)
Batting: RHB Eddie Perry 0-0: Ball
1-0: Swinging Strike
1-1: Called Strike
1-2: Ball
2-2: Foul Ball, location: 2F
2-2: Ball
3-2: Fielders Choice at 2nd, 5-4 (Groundball, 5, EV 85.0 MPH)
Batting: SHB Chris Ackerson 0-0: Swinging Strike
0-1: Swinging Strike
0-2: Strikes out looking
Bottom of the 3rd over - 0 runs, 1 hit, 0 errors, 1 left on base; State College 8 - Los Angeles (NYP) 1
TOP OF THE 4TH
State College Spikes batting - Pitching for Los Angeles (NYP) Dodgers : RHP Craig Fallon
Batting: LHB Shigeru Ono 0-0: Called Strike
0-1: Ball
1-1: Foul Ball, location: 2F
1-2: Foul Ball, location: 2F
1-2: Ground out 5-3 (Groundball, 56, EV 104.4 MPH)
Batting: RHB Mark Marks 0-0: Ball
1-0: Ball
2-0: Ball
3-0: Base on Balls
Batting: RHB Francisco Vargas 0-0: Called Strike
Mark Marks steals 2nd base
0-1: Ball
Passed Ball!
Mark Marks to third
1-1: SINGLE (Groundball, 4M, EV 103.1 MPH) (infield hit)
Mark Marks scores
Batting: RHB Mike Zimmerly 0-0: Ball
1-0: Called Strike
1-1: Fielders Choice at 2nd, 4-6 (Groundball, 4M, EV 91.3 MPH)
Batting: RHB Immel Kamuzu 0-0: Called Strike
0-1: Fly out, F7 (Flyball, 78S, EV 93.8 MPH)
Top of the 4th over - 1 run, 1 hit, 0 errors, 1 left on base; State College 9 - Los Angeles (NYP) 1
BOTTOM OF THE 4TH
Los Angeles (NYP) Dodgers batting - Pitching for State College Spikes : RHP Kohsuke Naito
Batting: RHB Jonathan Kirsch 0-0: SINGLE (Groundball, P, EV 90.6 MPH) (infield hit)
Batting: RHB Dustin Huschka 0-0: Called Strike
0-1: Foul Ball, location: 2F
0-2: Ball
1-2: Strikes out looking
Batting: RHB Pat Mage 0-0: Grounds into double play, 5-4-3 (Groundball, 56, EV 85.0 MPH)
Bottom of the 4th over - 0 runs, 1 hit, 0 errors, 0 left on base; State College 9 - Los Angeles (NYP) 1
TOP OF THE 5TH
State College Spikes batting - Pitching for Los Angeles (NYP) Dodgers : RHP Craig Fallon
Batting: LHB Adam Eisen 0-0: Ball
1-0: Ball
2-0: Foul Ball, location: 2F
2-1: Reached via error on a dropped throw from 3B, E3 (Groundball, 56S, EV 81.3 MPH)
Batting: RHB Francisco de la Cruz 0-0: Called Strike
0-1: Swinging Strike
Balk!
Adam Eisen to second
0-2: Ball
1-2: Strikes out swinging
Batting: RHB Mark Cahill 0-0: Ground out 6-3 (Groundball, P, EV 90.0 MPH)
Adam Eisen to third
Batting: LHB Ichiro Toyota 0-0: Ball
1-0: Ball
2-0: Called Strike
2-1: SINGLE (Line Drive, 7S, EV 106.3 MPH)
Adam Eisen scores
Pitching: LHP Gavin White
Batting: LHB Shigeru Ono 0-0: Called Strike
0-1: Fly out, F7 (Flyball, 7LS, EV 81.9 MPH)
Top of the 5th over - 1 run, 1 hit, 1 error, 1 left on base; State College 10 - Los Angeles (NYP) 1
BOTTOM OF THE 5TH
Los Angeles (NYP) Dodgers batting - Pitching for State College Spikes : RHP Kohsuke Naito
Batting: RHB Neal Jukic 0-0: Ball
1-0: Ground out U3 (Groundball, 34, EV 85.6 MPH)
Batting: RHB Mario Mejia 0-0: Ball
1-0: Ball
2-0: Ground out U3 (Groundball, 34, EV 111.3 MPH)
Batting: SHB John Gernaat 0-0: Ball
1-0: Called Strike
1-1: Ball
2-1: Called Strike
2-2: Fly out, F5 (Line Drive, 6, EV 76.3 MPH)
Bottom of the 5th over - 0 runs, 0 hits, 0 errors, 0 left on base; State College 10 - Los Angeles (NYP) 1
TOP OF THE 6TH
State College Spikes batting - Pitching for Los Angeles (NYP) Dodgers : LHP Gavin White
Batting: RHB Mark Marks 0-0: Ground out 4-3 (Groundball, 4, EV 101.9 MPH)
Batting: RHB Francisco Vargas 0-0: Called Strike
0-1: Foul Ball, location: 2F
0-2: Foul Ball, location: 2F
0-2: Ball
1-2: Ball
2-2: Ball
3-2: Foul Ball, location: 2F
3-2: Foul Ball, location: 2F
3-2: Fly out, F5 (Line Drive, 56, EV 82.5 MPH)
Batting: RHB Mike Zimmerly 0-0: Swinging Strike
0-1: Ground out 5-3 (Groundball, 56S, EV 92.5 MPH)
Top of the 6th over - 0 runs, 0 hits, 0 errors, 0 left on base; State College 10 - Los Angeles (NYP) 1
BOTTOM OF THE 6TH
Los Angeles (NYP) Dodgers batting - Pitching for State College Spikes : RHP Kohsuke Naito
Batting: LHB Kippy McGrath 0-0: Ground out U3 (Groundball, 3, EV 106.9 MPH)
Batting: RHB Eddie Perry 0-0: Ball
1-0: Ball
2-0: Swinging Strike
2-1: Called Strike
2-2: Ball
3-2: Foul Ball, location: 2F
3-2: Strikes out swinging
Batting: SHB Chris Ackerson 0-0: Foul Ball, location: 2F
0-1: Ball
1-1: Foul Ball, location: 2F
1-2: Strikes out looking
Bottom of the 6th over - 0 runs, 0 hits, 0 errors, 0 left on base; State College 10 - Los Angeles (NYP) 1
TOP OF THE 7TH
State College Spikes batting - Pitching for Los Angeles (NYP) Dodgers : LHP Gavin White
Batting: RHB Immel Kamuzu 0-0: Foul Ball, location: 2F
0-1: Swinging Strike
0-2: Ball
1-2: Foul Ball, location: 2F
1-2: Hit by Pitch
Batting: LHB Adam Eisen 0-0: Called Strike
0-1: Foul Ball, location: 2F
0-2: Hit by Pitch
Immel Kamuzu to second
Batting: RHB Francisco de la Cruz 0-0: Ball
1-0: Ball
2-0: Swinging Strike
2-1: Fielders Choice at 2nd, 6-4 (Groundball, 6, EV 103.8 MPH)
Immel Kamuzu to third
Pitching: RHP Willie Alvarado
Batting: RHB Mark Cahill 0-0: Ball
1-0: Swinging Strike
Passed Ball!
Immel Kamuzu scores
Francisco de la Cruz to second
1-1: Foul Ball, location: 2F
1-2: Foul Ball, location: 2F
1-2: Ball
2-2: SINGLE (Groundball, 23, EV 65.6 MPH) (infield hit)
Francisco de la Cruz to third
Batting: LHB Ichiro Toyota 0-0: Ball
Passed Ball!
Francisco de la Cruz scores
Mark Cahill to second
1-0: Ball
2-0: Swinging Strike
Passed Ball!
Mark Cahill to third
2-1: Foul Ball, location: 2F
2-2: Foul Ball, location: 2F
2-2: Fly out, F9 (Flyball, 89D, EV 95.0 MPH)
Runner from 3rd tags up, SCORES, throw by RF
Batting: LHB Shigeru Ono 0-0: DOUBLE (Line Drive, 9LS, EV 110.0 MPH)
Batting: RHB Mark Marks 0-0: Ball
1-0: Ball
2-0: Called Strike
2-1: SINGLE (Groundball, 6M, EV 108.8 MPH) (infield hit)
Shigeru Ono to third
Batting: RHB Francisco Vargas 0-0: Called Strike
0-1: Foul Ball, location: 2F
0-2: SINGLE (Line Drive, 4D, EV 97.5 MPH)
Shigeru Ono scores
Mark Marks to second
Pitching: RHP Cesar Reyes
Batting: RHB Mike Zimmerly 0-0: Called Strike
0-1: Fly out, F7 (Flyball, 78M, EV 96.3 MPH)
Top of the 7th over - 4 runs, 4 hits, 0 errors, 2 left on base; State College 14 - Los Angeles (NYP) 1
BOTTOM OF THE 7TH
Los Angeles (NYP) Dodgers batting - Pitching for State College Spikes : RHP Kohsuke Naito
Batting: RHB Jonathan Kirsch 0-0: Ball
1-0: Ball
2-0: Ball
3-0: Base on Balls
Batting: RHB Dustin Huschka 0-0: Ball
1-0: Ball
2-0: Foul Ball, location: 2F
2-1: Foul Ball, location: 2F
2-2: Ball
3-2: Base on Balls
Jonathan Kirsch to second
Batting: RHB Pat Mage 0-0: Called Strike
0-1: Called Strike
Balk!
Jonathan Kirsch to third
Dustin Huschka to second
0-2: Ball
1-2: SINGLE (Groundball, 4M, EV 106.3 MPH) (infield hit)
Jonathan Kirsch scores
Dustin Huschka to third
Batting: RHB Neal Jukic 0-0: Ball
Pat Mage steals 2nd base
1-0: Ball
2-0: Foul Ball, location: 2F
2-1: Swinging Strike
2-2: Foul Ball, location: 2F
2-2: Strikes out swinging
Batting: RHB Mario Mejia 0-0: Swinging Strike
0-1: Foul Ball, location: 2F
0-2: Strikes out swinging
Pitching: LHP Heath Maher
Batting: SHB John Gernaat 0-0: Ball
1-0: Ball
2-0: Called Strike
2-1: Ball
3-1: Base on Balls
Batting: LHB Kippy McGrath 0-0: Called Strike
0-1: Ball
1-1: Ball
2-1: Fielders Choice at 2nd, 5-4 (Groundball, 56, EV 90.0 MPH)
Bottom of the 7th over - 1 run, 1 hit, 0 errors, 3 left on base; State College 14 - Los Angeles (NYP) 2
TOP OF THE 8TH
State College Spikes batting - Pitching for Los Angeles (NYP) Dodgers : RHP Cesar Reyes
Batting: RHB Immel Kamuzu 0-0: Ball
1-0: Ball
2-0: SINGLE (Flyball, 34D, EV 88.8 MPH)
Pinch Hitting: LHB Dustin Horsley 0-0: SINGLE (Groundball, 34D, EV 98.8 MPH)
Immel Kamuzu to second
Batting: RHB Francisco de la Cruz 0-0: Called Strike
0-1: Fly out, F8 (Flyball, 8RD, EV 91.9 MPH)
Batting: RHB Mark Cahill 0-0: Ball
Passed Ball!
Immel Kamuzu to third
Dustin Horsley to second
1-0: Called Strike
1-1: SINGLE (Line Drive, 6D, EV 96.3 MPH)
Immel Kamuzu scores
Dustin Horsley to third
Runner from 3rd tries for Home, throw by CF and OUT! 8-2
Batting: LHB Ichiro Toyota 0-0: Called Strike
0-1: Called Strike
0-2: Foul Ball, location: 2F
0-2: Ball
1-2: SINGLE (Groundball, 6MD, EV 103.8 MPH)
Mark Cahill to second
Batting: LHB Shigeru Ono 0-0: Ball
Passed Ball!
Mark Cahill to third
Ichiro Toyota to second
1-0: Ball
2-0: Called Strike
2-1: Swinging Strike
2-2: Ball
3-2: Base on Balls
Batting: RHB Mark Marks 0-0: Called Strike
0-1: Foul Ball, location: 2F
0-2: Foul Ball, location: 2F
0-2: Ball
1-2: Ground out U3 (Groundball, 34, EV 102.5 MPH)
Top of the 8th over - 1 run, 4 hits, 0 errors, 3 left on base; State College 15 - Los Angeles (NYP) 2
BOTTOM OF THE 8TH
Los Angeles (NYP) Dodgers batting - Pitching for State College Spikes : LHP Heath Maher
Now in LF: Shigeru Ono
Now in RF: Dustin Horsley
Batting: RHB Eddie Perry 0-0: Swinging Strike
0-1: Called Strike
0-2: Ball
1-2: Foul Ball, location: 2F
1-2: Ball
2-2: Strikes out looking
Batting: SHB Chris Ackerson 0-0: Ball
1-0: Called Strike
1-1: Ball
2-1: Foul Ball, location: 2F
2-2: Ball
3-2: Base on Balls
Batting: RHB Jonathan Kirsch 0-0: Fly out, F7 (Flyball, 7, EV 91.3 MPH)
Batting: RHB Dustin Huschka 0-0: Ground out 1-3 (Groundball, 15S, EV 62.5 MPH)
Bottom of the 8th over - 0 runs, 0 hits, 0 errors, 1 left on base; State College 15 - Los Angeles (NYP) 2
TOP OF THE 9TH
State College Spikes batting - Pitching for Los Angeles (NYP) Dodgers : RHP Cesar Reyes
Batting: RHB Francisco Vargas 0-0: Ball
1-0: Ball
2-0: Called Strike
2-1: Fly out, F9 (Flyball, 9LS, EV 94.4 MPH)
Batting: RHB Mike Zimmerly 0-0: Ball
1-0: Ball
2-0: Ball
3-0: Called Strike
3-1: Base on Balls
Batting: RHB Immel Kamuzu 0-0: Ball
Passed Ball!
Mike Zimmerly to second
1-0: Ball
Passed Ball!
Mike Zimmerly to third
2-0: SINGLE (Line Drive, 3D, EV 97.5 MPH)
Mike Zimmerly scores
Batting: LHB Dustin Horsley 0-0: Ball
1-0: Ball
2-0: Ball
Wild Pitch!
Immel Kamuzu to second
3-0: Base on Balls
Batting: RHB Francisco de la Cruz 0-0: Ball
Wild Pitch!
Immel Kamuzu to third
Dustin Horsley to second
1-0: Ball
2-0: Ball
3-0: Base on Balls
Batting: RHB Mark Cahill 0-0: Called Strike
0-1: Called Strike
0-2: Strikes out looking
Pitching: LHP Joe Jenkins
Batting: LHB Ichiro Toyota Balk!
Immel Kamuzu scores
Dustin Horsley to third
Francisco de la Cruz to second
0-0: Fly out, F8 (Flyball, 8RD, EV 103.1 MPH)
Top of the 9th over - 2 runs, 1 hit, 0 errors, 2 left on base; State College 17 - Los Angeles (NYP) 2
BOTTOM OF THE 9TH
Los Angeles (NYP) Dodgers batting - Pitching for State College Spikes : LHP Heath Maher
Batting: RHB Pat Mage 0-0: Ground out 4-3 (Groundball, 4, EV 88.1 MPH)
Batting: RHB Neal Jukic 0-0: Fly out, F5 (Popup, 25, EV 83.1 MPH)
Batting: RHB Mario Mejia 0-0: Ball
1-0: Called Strike
1-1: Ground out 4-3 (Groundball, 34, EV 103.8 MPH)
Bottom of the 9th over - 0 runs, 0 hits, 0 errors, 0 left on base; State College 17 - Los Angeles (NYP) 2
Thursday, March 31st , 2022 - OOTP Baseball 22.12 Build 89